 Dungeon Crawl Stone Soup version 0.26-a0-834-g69557b85cc (webtiles) character file.

Game seed: 5877105239567831040

179 lunkers the Gusty (level 5, 0/28 HPs)
             Began as a Tengu Air Elementalist on Nov 16, 2020.
             Slain by an adder (4 damage)
             ... on level 5 of the Dungeon.
             The game lasted 00:06:25 (4516 turns).

lunkers the Gusty (Tengu Air Elementalist)          Turns: 4516, Time: 00:06:26

Health: 0/28       AC:  5    Str:  8    XL:     5   Next: 59%
Magic:  19/19      EV: 12    Int: 17    God:
Gold:   239        SH:  0    Dex: 14    Spells: 2/10 levels left

rFire    . . .     SeeInvis +   f - +1 dagger
rCold    . . .     Faith    .   (no shield)
rNeg     . . .     Spirit   .   a - +0 robe
rPois    .         Reflect  .   (helmet restricted)
rElec    .         Harm     .   r - +0 cloak {MR+}
rCorr    .         Rampage  .   q - +1 pair of gloves
MR       +....                  (boots unavailable)
Stlth    ++........             y - amulet of magic regeneration
HPRegen  0.09/turn              p - ring of see invisible
MPRegen  0.41/turn              z - ring of magical power

@: about to teleport
A: beak, talons 3, able to fly
a: Fly


You were on level 5 of the Dungeon.
You visited 1 branch of the dungeon, and saw 5 of its levels.

You collected 239 gold pieces.

Inventory:

Hand Weapons
 f - a +1 dagger (weapon)
Armour
 a - a +0 robe (worn)
 q - a +1 pair of gloves (worn)
 r - a +0 cloak of magic resistance (worn)
Jewellery
 p - a ring of see invisible (left hand)
 y - an amulet of magic regeneration (around neck)
 z - a ring of magical power (right hand)
Wands
 u - a wand of random effects (11)
Scrolls
 b - a scroll of blinking
 c - 7 scrolls of identify
 d - 2 scrolls of amnesia
 i - 2 scrolls of enchant weapon
 n - 3 scrolls of remove curse
 v - a scroll of immolation {unknown}
 w - a scroll of enchant armour {unknown}
Potions
 e - a potion of lignification {unknown}
 g - a potion of heal wounds {unknown}
 h - 3 potions of curing
 k - 2 potions of mutation {unknown}
 l - a potion of ambrosia {unknown}
 m - a potion of degeneration {unknown}
 t - 2 potions of might {unknown}
 x - 2 potions of flight {unknown}


   Skills:
 - Level 2.1 Dodging
 - Level 2.0 Stealth
 + Level 3.3 Spellcasting
 - Level 1.3 Conjurations
 * Level 7.0 Air Magic


You had 2 spell levels left.
You knew the following spells:

 Your Spells              Type           Power        Failure   Level
a - Shock                 Conj/Air       ###.         3%          1
b - Static Discharge      Conj/Air       ###.....     9%          3
c - Airstrike             Air            ####......   10%         4

Your spell library contained the following spells:

 Spells                   Type           Power        Failure   Level
 Swiftness                Air            ####....     1%          2
 Lightning Bolt           Conj/Air       ###.......   63%         5


Dungeon Overview and Level Annotations

Branches:
Dungeon (5/15)             Temple (0/1) D:5

Altars:

Annotations:
D:4 2 transporters, lunkers's ghost, novice OpEE


Innate Abilities, Weirdness & Mutations

You have a beak for a mouth.
You have claws for feet.
You can fly continuously.


Message History

As you read the scroll labelled ERCHAU NYMEA, it crumbles to dust.
It was a scroll of blinking.
An adder and an orc come into view.
The adder hisses angrily.
The adder moves out of view.
Found three items.
Found a sapphire potion.
The centaur shoots an arrow.
The arrow barely misses you.
As you read the scroll labelled JUNAAS TOISIGG, it crumbles to dust.
You assume a fearsome visage.
Nothing appears to happen.
It was a scroll of fear.
As you read the scroll labelled DONEOTSOZITH, it crumbles to dust.
The dust glows bright scarlet!
It was a scroll of random uselessness.
The adder barely misses you. The adder bites you but does no damage.
As you read the scroll labelled ZEOFUDWIAWN, it crumbles to dust.
You feel strangely unstable.
It was a scroll of teleportation.
The adder bites you.
* * * LOW HITPOINT WARNING * * *
The adder bites you.
You die...

#..#.....#..#.###.Y........
#............## ...##...##.
#....#.#.....# ##..##...##.
#............# #..........
##...#.#...<######....>....
#...........##..Y.o.....$.
#.#.....#..##..c#.##...##.
#..........###.S#S##?..##.
########...# #.@#=........
##### #.......#...#
##......##o.. ##..!..# ...
#!....# #. ##....# ......
......


You could see an ice beast, a centaur and an adder.

Vanquished Creatures
  A hound (D:4)
  A jelly (D:5)
  4 adders
  A white imp (D:2)
  2 worms (D:2)
  A dart slug (D:2)
  6 orcs (D:3)
  2 giant cockroaches (D:1)
  6 goblins
  7 hobgoblins
  8 jackals
  4 ball pythons
  8 bats
  2 frilled lizards
  8 kobolds
  6 rats
67 creatures vanquished.

Notes
Turn   | Place    | Note
-------+----------+-------------------------------------------
     0 | D:1      | lunkers the Tengu Air Elementalist began the quest for the
                  | Orb.
     0 | D:1      | Reached XP level 1. HP: 10/10 MP: 4/4
   315 | D:1      | Reached XP level 2. HP: 15/15 MP: 1/6
  1127 | D:2      | Reached skill level 5 in Air Magic
  1132 | D:2      | Reached XP level 3. HP: 19/19 MP: 1/7
  1136 | D:2      | Learned a level 3 spell: Static Discharge
  1886 | D:2      | Reached XP level 4. HP: 24/24 MP: 4/9
  2787 | D:3      | Reached skill level 6 in Air Magic
  3066 | D:4      | Found a transporter.
  3420 | D:4      | Found a transporter.
  3420 | D:4      | Noticed lunkers's ghost (novice OpEE)
  3630 | D:4      | Gained mutation: You can fly continuously. [Tengu growth]
  3630 | D:4      | Reached XP level 5. HP: 28/28 MP: 6/10
  4003 | D:5      | Entered Level 5 of the Dungeon
  4003 | D:5      | Noticed a centaur
  4351 | D:5      | Learned a level 4 spell: Airstrike
  4371 | D:5      | Reached skill level 7 in Air Magic
  4477 | D:5      | Noticed an ice beast
  4502 | D:5      | Found a staircase to the Ecumenical Temple.
  4516 | D:5      | Slain by an adder

Illustrated notes

Levels and vault maps discovered:
D:1:      dpeg_arrival_more_subterranean_lakeside_camping, layout_loops_ring
D:2:      kennysheep_six_static_rooms, layout_basic
D:3:      layout_basic
D:4:      layout_loops_ring, gammafunk_ghost_arena
D:5:      layout_cave_pools, minmay_temple_entry_stoned_glass, serial_shops,
          nicolae_shop_stone, st_stairs_2

Skill      XL: |  1  2  3  4  5 |
---------------+----------------+-----
Air Magic      | 5 6 7 |  7.0
Spellcasting   | 3 |  3.3
Dodging        | |  2.1
Stealth        | |  2.0
Conjurations   | |  1.3

Action                   |  1- 3 |  4- 6 || total
-------------------------+-------+-------++-------
Melee: Unarmed           |     2 |       ||     2
       Dagger            |       |     3 ||     3
       Kick              |       |     3 ||     3
       Peck              |       |     1 ||     1
 Cast: Shock             |    80 |    77 ||   157
  Use: Scroll            |       |     8 ||     8
Armor: Robe              |     6 |    13 ||    19
Dodge: Dodged            |    17 |    19 ||    36

Table legend: (Time is in decaauts)
 A = Elapsed time spent in this place.
 B = Non-inter-level travel time spent in this place.
 C = Inter-level travel time spent in this place.
 D = Time resting spent in this place.
 E = Time spent auto-exploring this place.
 F = Levels seen in this place.
 G = Mean time per level.
                   A        B        C        D        E       F      G
               +--------+--------+--------+--------+--------+-----+--------+
         Total |   4515 |   4362 |    153 |    507 |   3363 |   5 |  903.0 |
       Dungeon |   4515 |   4362 |    153 |    507 |   3363 |   5 |  903.0 |
               +--------+--------+--------+--------+--------+-----+--------+

Top non-repeatable levels by time:
     D:2: 1183 daAuts
     D:4: 1165 daAuts
     D:1: 1093 daAuts
     D:3: 788 daAuts
     D:5: 284 daAuts
